 Dungeon Crawl Stone Soup version 0.29.1-1-gd02db6906a (webtiles) character file.

Game seed: 4556941936836729882

688 experimilk the Basher (level 7, -6/55 HPs)
             Began as a Palentonga Fighter on Oct 1, 2022.
             Mangled by an iguana (7 damage)
             ... on level 4 of the Dungeon.
             The game lasted 00:12:39 (4830 turns).

experimilk the Basher (Palentonga Fighter)          Turns: 4830, Time: 00:12:39

Health: -6/55      AC: 13    Str: 24    XL:     7   Next: 36%
Magic:  7/7        EV:  8    Int: 14    God:
Gold:   262        SH:  4    Dex:  9    Spells: 6/6 levels left

rFire   . . .      SeeInvis +   j - +1 hammer (vorpal)
rCold   . . .      Faith    .   c - +0 buckler
rNeg    . . .      Spirit   .   n - +0 ring mail
rPois   .          Reflect  .   (no helmet)
rElec   .          Harm     .   (no cloak)
rCorr   .          Rampage  .   (no gloves)
Will    .....                   (no barding)
Stlth   ..........              (no amulet)
HPRegen 0.18/turn               b - +6 ring of intelligence
MPRegen 0.10/turn               f - ring of wizardry

@: curled up
A: large, rugged brown scales 3, see invisible, deformed body, roll 1, armoured
tail, reflexive curl
a: Rolling Charge


You were on level 4 of the Dungeon.
You visited 1 branch of the dungeon, and saw 4 of its levels.

You collected 262 gold pieces.

Inventory:

Hand Weapons
 j - a +1 vorpal hammer (weapon)
Missiles
 g - 6 javelins (quivered)
Armour
 a - a +0 chain mail
 c - a +0 buckler (worn)
 n - a +0 ring mail (worn)
Jewellery
 b - a +6 ring of intelligence (left hand)
 f - a ring of wizardry (right hand)
Scrolls
 d - a scroll of immolation
 e - 3 scrolls of silence
 i - a scroll of acquirement {unknown}
 m - a scroll of magic mapping {unknown}
 o - a scroll of blinking {unknown}
Potions
 h - a potion of resistance
 k - a potion of mutation
 l - a potion of haste
 p - 2 potions of flight
 q - a potion of curing {unknown}


   Skills:
 - Level 3.0 Fighting
 + Level 8.4 Maces & Flails
 - Level 2.4 Armour
 - Level 2.6 Shields


You had 6 spell levels left.
You didn't know any spells.
Your spell library contained the following spells:

 Spells                   Type           Power      Damage    Failure   Level
 Necrotise                Necr           0%         1d4       22%         1
 Blink                    Tloc           0%         N/A       32%         2
 Dazzling Flash           Conj/Hex       0%         N/A       52%         3
 Lesser Beckoning         Tloc           0%         N/A       52%         3
 Vampiric Draining        Necr           0%         2d6       52%         3
 Iskenderun's Mystic Bla  Conj/Tloc      0%         2d3       89%         4
 Agony                    Necr           0%         N/A       99%         5
 Manifold Assault         Tloc           0%         N/A       99%         5
 Starburst                Conj/Fire      0%         6d3       100%        6


Dungeon Overview and Level Annotations

Branches:
Dungeon (4/15)
 Temple: D:4-7

Altars:

Shops:
D:2 (

Annotations:
D:2 1 runed translucent door, Crazy Yiuf


Innate Abilities, Weirdness & Mutations

You are completely covered in rugged brown scales. (AC +3, +7% HP)
You have supernaturally acute eyesight. (SInv)
Armour fits poorly on your strangely shaped body.
You can roll at nearby foes to attack.
You have a long armoured tail.
You curl defensively after being hit. (AC +7*)


Message History

You feel yourself speed up. The iguana bites you!
* * * LOW HITPOINT WARNING * * *
There is a stone staircase leading up here.
You climb upwards.
There is a stone staircase leading down here.
You start resting.
Your extra speed is starting to run out.
You start resting.
You feel yourself slow down.
You start resting.
You start resting.
HP restored.
You climb downwards.
The iguana bites you!
There is a stone staircase leading up, spattered with blood here.
You barely miss the iguana. The iguana barely misses you.
You hit the iguana but do no damage.
Your tail-slap misses the iguana.
The iguana barely misses you.
You hit the iguana but do no damage. The iguana bites you.
You hit the iguana but do no damage.
Your tail-slap misses the iguana.
The iguana bites you! You block the iguana's attack.
You closely miss the iguana.
Your tail-slap misses the iguana.
The iguana bites you.
You barely miss the iguana. You tail-slap the iguana!
The iguana is severely wounded.
The iguana bites you.
You hit the iguana but do no damage.
The iguana is severely wounded.
The iguana bites you.
You hit the iguana but do no damage.
The iguana is severely wounded.
The iguana bites you!
* * * LOW HITPOINT WARNING * * *
You barely miss the iguana.
The iguana is severely wounded.
The iguana bites you!
* * * LOW HITPOINT WARNING * * *
You hit the iguana but do no damage.
The iguana is severely wounded.
The iguana bites you!
You die...

#. #.....#.......#### #..
#....##...##..##..
##..##....##...##..##..
#.........##...##......
.......#..................###'
.......#..............###'##..
.......#.....>........##..##..
.......#......l..##...##......
#..... #..##@...##...##..##..
#.....##..##'#####...##..##..
#................#...##..##..
#................#...#.......
#...............##...##..####
#.....##..###+####...##..##..
#.....##..## ##..>##'###..
#.##..##...# #....#.......
####.##..##...# #....'.......


You could see an iguana.

Vanquished Creatures
  Sigmund (D:2)
  An ice beast (D:4)
  2 black bears (D:4)
  A bullfrog (D:4)
  A hound (D:2)
  An orc priest (D:3)
  Robin (D:2)
  A gnoll (D:1)
  3 adders
  2 dart slugs (D:1)
  10 orcs
  12 endoplasms
  2 giant cockroaches
  15 goblins
  9 hobgoblins
  4 quokkas
  5 ball pythons
  8 bats
  5 frilled lizards
  5 kobolds
  5 rats
94 creatures vanquished.

Vanquished Creatures (others)
  4 demonic plants (D:1)
  A fungus (D:1)
  A plant (D:1)
  5 withered plants (D:1)
11 creatures vanquished.

Grand Total: 105 creatures vanquished

Notes
Turn   | Place    | Note
-------+----------+-------------------------------------------
     0 | D:1      | experimilk the Palentonga Fighter began the quest for the
                  | Orb.
     0 | D:1      | Reached XP level 1. HP: 19/19 MP: 1/1
   139 | D:1      | Reached skill level 3 in Maces & Flails
   139 | D:1      | Reached XP level 2. HP: 19/25 MP: 2/2
   215 | D:1      | Found a faded altar of an unknown god.
   552 | D:1      | Reached XP level 3. HP: 31/31 MP: 3/3
  1265 | D:2      | Noticed Robin
  1265 | D:2      | Found Wurr's Weapon Shop.
  1732 | D:2      | Noticed Sigmund
  1735 | D:2      | Killed Sigmund
  1736 | D:2      | Reached skill level 5 in Maces & Flails
  1736 | D:2      | Reached XP level 4. HP: 30/37 MP: 4/4
  1736 | D:2      | Reached XP level 5. HP: 35/43 MP: 5/5
  1866 | D:2      | Reached skill level 6 in Maces & Flails
  2222 | D:2      | Killed Robin
  2729 | D:2      | Found a runed translucent door.
  2730 | D:2      | Noticed Crazy Yiuf
  2983 | D:3      | Reached XP level 6. HP: 47/50 MP: 6/6
  3840 | D:4      | Reached skill level 7 in Maces & Flails
  3859 | D:4      | Noticed an ice beast
  3867 | D:4      | Killed an ice beast
  4026 | D:4      | Reached skill level 8 in Maces & Flails
  4026 | D:4      | Gained mutation: You curl defensively after being hit. (AC
                  | +7*) [Palentonga growth]
  4026 | D:4      | Reached XP level 7. HP: 30/55 MP: 7/7
  4829 | D:4      | HP: 1/55 [iguana (12)]
  4830 | D:4      | Mangled by an iguana

Illustrated notes

Levels and vault maps discovered:
D:1:      onia_arrival_mini_spirals, layout_basic, shapermc_ecumenical_altar_gd
D:2:      layout_rooms, serial_shops, shop, nicolae_hexahallways, uniq_sigmund,
          uniq_robin, uniq_crazy_yiuf_cottage
D:3:      layout_loops_ring
D:4:      layout_gridville

Skill      XL: |  1  2  3  4  5  6 |
---------------+-------------------+-----
Maces & Flails | 3 5 6 8 |  8.4
Fighting       | |  3.0
Armour         | |  2.4
Shields        | |  2.6

Action                   |  1- 3 |  4- 6 |  7- 9 || total
-------------------------+-------+-------+-------++-------
Melee: Flail             |    66 |       |       ||    66
       Tailslap          |     5 |    10 |     4 ||    19
       Mace              |     2 |   134 |    27 ||   163
 Abil: Rolling Charge    |    15 |    33 |     5 ||    53
  Use: Scroll            |       |     7 |       ||     7
       Potion            |       |     2 |     1 ||     3
Armor: Scale mail        |    23 |     1 |       ||    24
       Ring mail         |       |    54 |     6 ||    60
Dodge: Dodged            |    23 |    61 |     6 ||    90
Block: Buckler           |     6 |    30 |     4 ||    40
